 Dungeon Crawl Stone Soup version 0.28-a0-893-g5e322aebe8 (webtiles) character file.

Game seed: 15881569543792629801

50 Burgietje the Skirmisher (level 3, -1/24 HPs)
             Began as a Gargoyle Fighter on Nov 22, 2021.
             Slain by a gnoll (9 damage)
             ... on level 2 of the Dungeon.
             The game lasted 00:01:22 (1846 turns).

Burgietje the Skirmisher (Gargoyle Fighter)         Turns: 1846, Time: 00:01:23

Health: -1/24      AC: 10    Str: 20    XL:     3   Next: 79%
Magic:  3/3        EV:  9    Int:  8    God:
Gold:   43         SH:  4    Dex:  9    Spells: 2/2 levels left

rFire   . . .      SeeInvis .   a - +0 flail
rCold   . . .      Faith    .   c - +0 buckler
rNeg    + . .      Spirit   .   b - +0 scale mail
rPois   ∞          Reflect  .   (no helmet)
rElec   +          Harm     .   (no cloak)
rCorr   .          Rampage  .   (no gloves)
Will    .....                   (no boots)
Stlth   ..........              (no amulet)
HPRegen 0.08/turn               (no ring)
MPRegen 0.08/turn               (no ring)

@: no status effects
A: sickness immunity, AC +3, negative energy resistance 1, electricity
resistance, torment resistance 1, petrification resistance
a: no special abilities


You were on level 2 of the Dungeon.
You visited 1 branch of the dungeon, and saw 2 of its levels.

You collected 43 gold pieces.

Inventory:

Hand Weapons
 a - a +0 flail (weapon)
 f - a +4 short sword of speed
Armour
 b - a +0 scale mail (worn)
 c - a +0 buckler (worn)
 g - a +0 helmet
Jewellery
 e - a ring of see invisible
Potions
 d - a potion of might


   Skills:
 + Level 4.2 Fighting
 + Level 3.1 Maces & Flails
 - Level 3.2 Armour
 - Level 3.2 Shields


You had 2 spell levels left.
You didn't know any spells.
Your spell library was empty.

Dungeon Overview and Level Annotations

Branches:
Dungeon (2/15)

Altars:


Innate Abilities, Weirdness & Mutations

You are immune to sickness and miasma.
Your stone body is resilient. (AC +3)
You are immune to poison.
You resist negative energy. (rN+)
You are resistant to electric shocks. (rElec)
You are resistant to unholy torment.
You are immune to petrification.


Message History

You hit the gnoll.
The gnoll is heavily wounded.
The gnoll barely misses you.
You hit the gnoll but do no damage.
The gnoll is heavily wounded.
The gnoll hits you but does no damage. The gnoll hits you with a +0 spear.
You barely miss the gnoll.
The gnoll is heavily wounded.
The gnoll hits you but does no damage.
You hit the gnoll.
The gnoll is severely wounded.
The gnoll hits you but does no damage.
You hit the gnoll.
The gnoll is severely wounded.
The gnoll completely misses you.
You barely miss the gnoll.
The gnoll is severely wounded.
The gnoll misses you. The gnoll hits you but does no damage.
You hit the gnoll.
You kill the gnoll!
You see here a +0 spear.
You start resting.
HP restored.
There is a stone staircase leading down here.
You climb downwards.
There is a stone staircase leading up here.
The gnoll hits you with a +0 halberd of protection!
There is a stone staircase leading up here.
You hit the gnoll but do no damage. The gnoll barely misses you.
You barely miss the gnoll.
The gnoll hits you with a +0 halberd of protection.
The gnoll barely misses you.
You closely miss the gnoll.
The gnoll hits you with a +0 halberd of protection.
You closely miss the gnoll.
The gnoll hits you with a +0 halberd of protection.
* * * LOW HITPOINT WARNING * * *
You barely miss the gnoll.
The gnoll hits you with a +0 halberd of protection!
You die...

##### #...# #.#.# ####### #.#.#
#.....# ...... ###.#.#####.....#
.#.#.# ....#...........+
..........#
....#...........######.#.#.#.#.##
##......).......@g..#...........#
.<..##########'####.#..#.#.#.#..#
....#........#.......'..........#
....#.######.#######.#.#.#.#.#..#
#............#.g.....#..........#
#......#######g###########......#
.................>.........##..##
#.##.#...###g).#....####.####....
#....#..............# #.####.#.#


You could see a gnoll.

Vanquished Creatures
  3 gnolls
  A worm (D:2)
  A dart slug (D:1)
  2 endoplasms
  2 goblins
  A quokka (D:1)
  3 ball pythons (D:2)
  A bat (D:1)
  A frilled lizard (D:2)
  A kobold (D:2)
  3 rats
19 creatures vanquished.

Notes
Turn   | Place    | Note
-------+----------+-------------------------------------------
     0 | D:1      | Burgietje the Gargoyle Fighter began the quest for the Orb.
     0 | D:1      | Reached XP level 1. HP: 14/14 MP: 1/1
   294 | D:1      | Noticed a great orb of eyes
   299 | D:1      | Found a faded altar of an unknown god.
   301 | D:1      | Noticed a floating eye
   301 | D:1      | Noticed a shining eye
   301 | D:1      | Noticed a shining eye
   530 | D:1      | Reached XP level 2. HP: 19/19 MP: 2/2
  1380 | D:2      | Reached skill level 4 in Fighting
  1380 | D:2      | Reached XP level 3. HP: 14/24 MP: 3/3
  1846 | D:2      | Slain by a gnoll

Illustrated notes

Levels and vault maps discovered:
D:1:      elethiomel_arrival_maze, layout_loops_ring,
          hellmonk_ecumenical_altar_watching_god, chequers_serial_rivers_room_a
D:2:      kennysheep_big_flooded_room, layout_basic, serial_shops,
          nicolae_square_shop, serial_glass, glass_columns_a, glass_columns_c,
          glass_columns_b, glass_columns_a

Skill      XL: |  1  2  3 |
---------------+----------+-----
Fighting       | 4 |  4.2
Maces & Flails | 3 |  3.1
Armour         | |  3.2
Shields        | |  3.2

Action                   || total
-------------------------++-------
Melee: Flail             ||    71
Armor: Scale mail        ||    32
Dodge: Dodged            ||    37
Block: Buckler           ||    14

Table legend: (Time is in decaauts)
 A = Elapsed time spent in this place.
 B = Non-inter-level travel time spent in this place.
 C = Inter-level travel time spent in this place.
 D = Time resting spent in this place.
 E = Time spent auto-exploring this place.
 F = Levels seen in this place.
 G = Mean time per level.
                   A        B        C        D        E       F      G
               +--------+--------+--------+--------+--------+-----+--------+
         Total |   1870 |   1843 |     27 |    754 |    881 |   2 |  935.0 |
       Dungeon |   1870 |   1843 |     27 |    754 |    881 |   2 |  935.0 |
               +--------+--------+--------+--------+--------+-----+--------+

Top non-repeatable levels by time:
     D:1: 1240 daAuts
     D:2: 629 daAuts
